 Dungeon Sprint DCSS version 0.22.1-1-ga44c0e56f4 (webtiles) character file.

40665 Groucho the Warrior (level 14, -7/104 HPs)
             Began as a Gargoyle Fighter on Sept 17, 2018.
             Was the Champion of Cheibriados.
             Killed from afar by an ice dragon (32 damage)
             ... with a blast of cold
             ... in the Dungeon (Sprint IX: "|||||||||||||||||||||||||||||") on Oct 5, 2018.
             The game lasted 00:30:32 (2009 turns).

Groucho the Warrior (Gargoyle Fighter)              Turns: 2009, Time: 00:30:32

Health: -7/104     AC: 38    Str: 36    XL:     14   Next: 12%
Magic:  4/25       EV: 17    Int: 21    God:    Cheibriados [******]
Gold:   1909       SH: 26    Dex: 31    Spells: 13/13 levels left

rFire    + . .     SeeInvis .   o - +3 war axe (freeze)
rCold    . . .     Gourm    .   H - +1 large shield
rNeg     + . .     Faith    .   G - +5 plate armour of Moral Flaws {+Inv rPois Int-3}
rPois    ∞         Spirit   .   v - +0 helmet
rElec    +         Reflect  .   E - scarf {repulsion}
rCorr    .         Harm     .   p - +0 pair of gloves
MR       +....     NoTele   +   F - +1 pair of boots
Stlth    ..........             (no amulet)
HPRegen  0.27/turn              A - ring of protection from fire
MPRegen  0.19/turn              s - +3 ring of dexterity

@: repel missiles, very slow
A: big wings, negative energy resistance 1, electricity resistance, unbreathing,
petrification resistance, rot immunity, AC +10
a: Fly, Bend Time, Temporal Distortion, Slouch, Step From Time, Renounce
Religion, Evoke Invisibility


You were in the Dungeon.
You worshipped Cheibriados.
Cheibriados was exalted by your worship.
You were very hungry.

You visited 1 branch You collected 1909 gold pieces.

Inventory:

Hand Weapons
 o - a +3 war axe of freezing (weapon)
 u - a +0 spear
Missiles
 c - 2 tomahawks of returning (quivered)
 q - 13 silver javelins
 x - 12 tomahawks
Armour
 p - a +0 pair of gloves (worn)
 v - a +0 helmet (worn)
 E - a scarf of repulsion (worn)
 F - a +1 pair of boots (worn)
 G - the +5 plate armour of Moral Flaws (worn) {+Inv rPois Int-3}
   (You found it in the Dungeon)

   It affects your intelligence (-3).
   It protects you from poison.
   It lets you turn invisible.
 H - a +1 large shield (worn)
Jewellery
 r - a +3 ring of strength
 s - a +3 ring of dexterity (right hand)
 A - a ring of protection from fire (left hand)
 B - an uncursed ring of protection from fire
 C - an uncursed ring of protection from magic
 D - an uncursed ring of see invisible
Wands
 n - a wand of iceblast (10)
Scrolls
 a - a scroll of fog
 b - 2 scrolls of enchant armour
 k - 3 scrolls of blinking
 l - 9 scrolls of remove curse
 m - 3 scrolls of amnesia
 t - 2 scrolls of identify
 I - a scroll of fear
Potions
 d - 4 potions of might
 e - 6 potions of curing
 g - 9 potions of heal wounds
 h - a potion of haste
 i - 4 potions of magic
 j - a potion of invisibility
 z - 2 potions of agility
Comestibles
 f - 10 rations


   Skills:
 * Level 18.1 Fighting
 * Level 15.6 Axes
 + Level 8.6 Throwing
 * Level 16.2 Armour
 + Level 10.0 Dodging
 * Level 16.4 Shields
 - Level 15.0 Invocations


You had 13 spell levels left.
You didn't know any spells.
Your spell library was empty.

Dungeon Overview and Level Annotations

Branches:
Dungeon (1/1)

Altars:
Cheibriados
Dithmenos
Elyvilon
Fedhas
Gozag
Hepliaklqana
Kikubaaqudgha
Makhleb
Nemelex Xobeh
Okawaru
Qazlal
Ru
Sif Muna
Trog
Uskayaw
Vehumet
Wu Jian
Xom
Yredelemnul
Zin
The Shining One
Beogh
Jiyva
Lugonu

Shops:
D (==%


Innate Abilities, Weirdness & Mutations

You are resistant to torment.
Your stone body is resilient. (AC +10)
You are immune to poison.
Your large and strong wings let you fly indefinitely.
You resist negative energy. (rN+)
You are resistant to electric shocks. (rElec)
You can survive without breathing.
You are immune to petrification.
You are immune to rotting.


Message History

You hit the yaktaur but do no damage.
The yaktaur is heavily wounded.
You block the yaktaur's attack.
You hit the yaktaur. You freeze the yaktaur.
The yaktaur is heavily wounded.
A slime creature comes into view.
The slime creature quivers.
You slash the yaktaur! You freeze the yaktaur.
The yaktaur is severely wounded.
The yaktaur barely misses you.
You are feeling very hungry.
You slice the yaktaur!! You freeze the yaktaur.
You kill the yaktaur!
Cheibriados appreciates the change of pace.
The ice dragon breathes frost at you. The blast of cold hits you!
* * * LOW HITPOINT WARNING * * *
The ice dragon breathes frost at you. The blast of cold hits you!
You die...

▓▓▓▓▓▓▓▓▓▓▓▓▓▓▓▓▓▓▓▓▓▓▓▓
..J.)DD@(†(...(.........
▓▓▓▓▓▓▓▓▓▓▓▓▓▓▓▓▓▓▓▓▓▓▓▓▓▓▓▓▓▓▓▓▓
)................................
♣▓▓▓▓▓▓▓▓▓▓▓▓▓▓▓▓▓▓▓▓▓▓▓▓▓▓▓▓▓▓▓▓
'......P†.†..))))†).†............
♣▓▓▓▓▓▓▓▓▓▓▓▓▓▓▓▓▓▓▓▓▓▓▓▓▓▓▓▓▓▓▓▓
.................................
▓▓▓▓▓▓▓▓▓▓▓▓▓▓▓▓▓▓▓▓▓▓▓▓▓▓▓▓▓▓▓▓▓
....[[.[.[...)))))))).....'......


You could see a fire dragon, an ice dragon and a slime creature.

Vanquished Creatures
  A lich (D)
  A thorn hunter (D)
  A shadow dragon (D)
  A very ugly thing (D)
  2 stone giants (D)
  Nessos (D)
  A merfolk javelineer (D)
  2 great orbs of eyes (D)
  A naga warrior (D)
  A rakshasa (D)
  Erolcha (D)
  A merfolk avatar (D)
  2 centaur warriors (D)
  A merfolk aquamancer (D)
  2 naga sharpshooters (D)
  2 tengu warriors (D)
  A shock serpent (D)
  A deep troll earth mage (D)
  Sonja (D)
  An unseen horror (D)
  2 glowing orange brains (D)
  A naga ritualist (D)
  A wolf spider (D)
  An orc knight (D)
  2 orb spiders (D)
  2 ugly things (D)
  6 orc sorcerers (D)
  A salamander (D)
  A manticore (D)
  A merfolk siren (D)
  A cyclops (D)
  3 black mambas (D)
  A torpor snail (D)
  8 spiny frogs (D)
  2 yaktaurs (D)
  A demonic crawler (D)
  A komodo dragon (D)
  A meliai (D)
  3 merfolk (D)
  2 jumping spiders (D)
  2 tyrant leeches (D)
  2 hornets (D)
  A slime creature (D)
  A blink frog (D)
  2 hippogriffs (D)
  A snapping turtle (D)
  A redback (D)
  A tarantella (D)
  A spriggan (D)
  A yak (D)
  3 vampire mosquitoes (D)
  A naga (D)
  2 water moccasins (D)
  A floating eye (D)
  2 porcupines (D)
  A swamp drake (D)
  2 ice beasts (D)
  13 orc warriors (D)
  A wolf (D)
  2 ogres (D)
  A centaur (D)
  9 bullfrogs (D)
  A hound (D)
  3 orc priests (D)
  12 orc wizards (D)
  A hell rat (D)
  A gnoll (D)
  2 adder skeletons (D)
  A leopard gecko (D)
  4 orcs (D)
  A bat (D)
  A bat skeleton (D)
  A bat zombie (D)
  A hobgoblin (D)
  A frilled lizard (D)
  A kobold (D)
  A quokka zombie (D)
149 creatures vanquished.

Vanquished Creatures (others)
  An alligator (D)
  A spatial maelstrom (D)
  A swamp dragon (D)
3 creatures vanquished.

Grand Total: 152 creatures vanquished

Notes
Turn   | Place    | Note
-------+----------+-------------------------------------------
     0 | D        | Groucho the Gargoyle Fighter began the quest for the Orb.
     0 | D        | Reached XP level 1. HP: 14/14 MP: 1/1
     6 | D        | Banished a spatial maelstrom
    33 | D        | Noticed an ogre
    33 | D        | Noticed an ogre
    33 | D        | Noticed an orc wizard
    33 | D        | Noticed a hound
    42 | D        | Killed a hound
    42 | D        | Reached skill level 4 in Fighting
    42 | D        | Reached XP level 2. HP: 17/20 MP: 2/2
    42 | D        | Reached XP level 3. HP: 21/25 MP: 3/3
    50 | D        | Killed an ogre
    50 | D        | Reached skill level 6 in Fighting
    50 | D        | Reached XP level 4. HP: 26/32 MP: 4/4
    50 | D        | Reached XP level 5. HP: 29/36 MP: 5/5
    55 | D        | Killed an ogre
    55 | D        | Reached skill level 7 in Fighting
    55 | D        | Reached skill level 5 in Axes
    56 | D        | Reached XP level 6. HP: 27/44 MP: 6/6
    66 | D        | Found a roughly hewn altar of Beogh.
    66 | D        | Found a snail-covered altar of Cheibriados.
    66 | D        | Found a shadowy altar of Dithmenos.
    66 | D        | Found a white marble altar of Elyvilon.
    66 | D        | Found a blossoming altar of Fedhas.
    66 | D        | Found an opulent altar of Gozag.
    67 | D        | Found a hazy altar of Hepliaklqana.
    98 | D        | Found a viscous altar of Jiyva.
    99 | D        | Found an ancient bone altar of Kikubaaqudgha.
   100 | D        | Became a worshipper of Cheibriados the Contemplative
   101 | D        | Found a corrupted altar of Lugonu.
   102 | D        | Found a burning altar of Makhleb.
   103 | D        | Found a sparkling altar of Nemelex Xobeh.
   104 | D        | Found an iron altar of Okawaru.
   105 | D        | Found a stormy altar of Qazlal.
   106 | D        | Found a sacrificial altar of Ru.
   107 | D        | Found a deep blue altar of Sif Muna.
   108 | D        | Found a bloodstained altar of Trog.
   109 | D        | Found a hide-covered altar of Uskayaw.
   110 | D        | Found a radiant altar of Vehumet.
   111 | D        | Found an ornate altar of the Wu Jian Council.
   112 | D        | Found a shimmering altar of Xom.
   113 | D        | Found a basalt altar of Yredelemnul.
   114 | D        | Found a glowing silver altar of Zin.
   115 | D        | Found a glowing golden altar of the Shining One.
   162 | D        | Noticed a water moccasin
   162 | D        | Noticed an ice beast
   167 | D        | Reached * piety under Cheibriados
   168 | D        | Reached skill level 8 in Fighting
   168 | D        | Reached skill level 1 in Dodging
   173 | D        | Killed an ice beast
   173 | D        | Reached ** piety under Cheibriados
   173 | D        | Reached XP level 7. HP: 43/50 MP: 6/9
   189 | D        | Noticed a centaur warrior
   189 | D        | Noticed a hippogriff
   190 | D        | Reached *** piety under Cheibriados
   197 | D        | Killed a hippogriff
   197 | D        | Reached skill level 9 in Fighting
   197 | D        | Reached skill level 5 in Invocations
   204 | D        | Killed a centaur warrior
   204 | D        | Reached **** piety under Cheibriados
   204 | D        | Reached skill level 10 in Fighting
   204 | D        | Reached skill level 10 in Armour
   204 | D        | Reached XP level 8. HP: 41/57 MP: 10/13
   217 | D        | Reached ***** piety under Cheibriados
   392 | D        | Noticed a spiny frog
   393 | D        | Noticed a komodo dragon
   398 | D        | Reached XP level 9. HP: 63/63 MP: 14/14
   406 | D        | Killed a spiny frog
   406 | D        | Reached skill level 11 in Fighting
   407 | D        | Noticed a spiny frog
   412 | D        | Reached ****** piety under Cheibriados
   417 | D        | Killed a komodo dragon
   417 | D        | Reached skill level 10 in Shields
   424 | D        | Killed a spiny frog
   510 | D        | Noticed a spiny frog
   510 | D        | Noticed a spiny frog
   514 | D        | Killed a spiny frog
   517 | D        | Noticed a black mamba
   522 | D        | Killed a spiny frog
   522 | D        | Reached skill level 12 in Fighting
   522 | D        | Reached skill level 10 in Axes
   522 | D        | Reached skill level 5 in Dodging
   522 | D        | Reached XP level 10. HP: 35/71 MP: 17/17
   538 | D        | Killed a black mamba
   538 | D        | Reached skill level 10 in Invocations
   694 | D        | Noticed a spiny frog
   700 | D        | Noticed a spiny frog
   708 | D        | Killed a spiny frog
   719 | D        | Killed a spiny frog
   799 | D        | Noticed Sonja
   800 | D        | Killed Sonja
   800 | D        | Reached skill level 13 in Fighting
   870 | D        | Reached XP level 11. HP: 68/78 MP: 19/19
   935 | D        | Noticed an orc knight
   948 | D        | Reached skill level 1 in Throwing
   963 | D        | Killed an orc knight
  1013 | D        | Found Bomad's Food Boutique.
  1013 | D        | Noticed an orc sorcerer
  1013 | D        | Noticed an orc sorcerer
  1014 | D        | Noticed a sixfirhy
  1016 | D        | Noticed an orc sorcerer
  1018 | D        | Killed an orc sorcerer
  1019 | D        | Killed an orc sorcerer
  1020 | D        | Found Finau's Jewellery Shop.
  1021 | D        | Noticed an orc sorcerer
  1026 | D        | Killed an orc sorcerer
  1031 | D        | Found Hoirch's Jewellery Boutique.
  1033 | D        | Killed an orc sorcerer
  1033 | D        | Reached skill level 14 in Fighting
  1037 | D        | Found Nuax's Weapon Shop.
  1044 | D        | Noticed an orc sorcerer
  1045 | D        | Noticed an orc sorcerer
  1051 | D        | Killed an orc sorcerer
  1058 | D        | Killed an orc sorcerer
  1097 | D        | Upgraded the game from 0.22.0-81-g402daae900 to
                  | 0.22.1-1-ga44c0e56f4
  1167 | D        | Noticed Erolcha
  1172 | D        | Killed Erolcha
  1229 | D        | Got the +5 plate armour of Moral Flaws {+Inv rPois Int-3}
  1299 | D        | Noticed a tengu warrior
  1299 | D        | Noticed a cyan ugly thing
  1301 | D        | Noticed a wolf spider
  1302 | D        | Killed an unseen horror
  1304 | D        | Noticed a cyclops
  1306 | D        | Killed a wolf spider
  1307 | D        | Killed a cyan ugly thing
  1307 | D        | Reached XP level 12. HP: 86/86 MP: 10/21
  1307 | D        | Noticed a great orb of eyes
  1310 | D        | Killed a tengu warrior
  1314 | D        | Noticed a centaur warrior
  1321 | D        | Killed a great orb of eyes
  1321 | D        | Reached skill level 15 in Fighting
  1322 | D        | Noticed a rakshasa
  1331 | D        | Killed a centaur warrior
  1345 | D        | Reached skill level 5 in Throwing
  1345 | D        | Killed a rakshasa
  1359 | D        | Noticed a stone giant
  1372 | D        | Killed a stone giant
  1634 | D        | Noticed a merfolk aquamancer
  1634 | D        | Noticed a merfolk avatar
  1641 | D        | Noticed a merfolk javelineer
  1642 | D        | Killed a merfolk aquamancer
  1642 | D        | Reached skill level 16 in Fighting
  1651 | D        | Killed a merfolk avatar
  1662 | D        | Killed a merfolk javelineer
  1699 | D        | Reached XP level 13. HP: 77/94 MP: 22/24
  1715 | D        | Reached skill level 15 in Invocations
  1730 | D        | Noticed a thorn hunter
  1737 | D        | Killed a thorn hunter
  1797 | D        | Reached skill level 15 in Shields
  1800 | D        | Reached skill level 17 in Fighting
  1816 | D        | Reached skill level 15 in Armour
  1892 | D        | Noticed Nessos
  1901 | D        | Killed Nessos
  1955 | D        | Noticed a shadow dragon
  1955 | D        | Noticed a stone giant
  1955 | D        | Noticed a white very ugly thing
  1955 | D        | Noticed a lich
  1966 | D        | Killed a lich
  1966 | D        | Reached skill level 15 in Axes
  1970 | D        | Noticed a great orb of eyes
  1980 | D        | Killed a white very ugly thing
  1984 | D        | Killed a great orb of eyes
  1984 | D        | Gained mutation: Your large and strong wings let you fly
                  | indefinitely. [Gargoyle growth]
  1984 | D        | Reached XP level 14. HP: 63/103 MP: 9/25
  1988 | D        | Killed a stone giant
  1988 | D        | Reached skill level 18 in Fighting
  2000 | D        | Killed a shadow dragon
  2000 | D        | Reached skill level 10 in Dodging
  2009 | D        | Killed from afar by an ice dragon

Skill      XL: |  1  2  3  4  5  6  7  8  9 10 11 12 13 14 |
---------------+-------------------------------------------+-----
Axes           | 3 4 5 6 8 10 11 12 13 15 | 15.6
Fighting       | 4 6 7 8 10 12 13 14 16 17 18 | 18.1
Armour         | 4 6 7 8 10 11 12 13 15 16 | 16.2
Shields        | 4 6 7 9 10 12 13 14 16 | 16.4
Invocations    | 3 7 9 11 13 14 15 | 15.0
Dodging        | 1 3 5 6 7 8 9 10 | 10.0
Throwing       | 4 6 8 |  8.6

Action                   |  1- 3 |  4- 6 |  7- 9 | 10-12 | 13-15 || total
-------------------------+-------+-------+-------+-------+-------++-------
Melee: War axe           |    38 |    17 |    75 |   205 |   122 ||   457
Throw: Tomahawk          |       |       |       |     8 |     8 ||    16
Invok: Slouch            |       |       |       |    12 |     8 ||    20
  Use: Potion            |     1 |       |       |       |       ||     1
 Stab: Distracted        |       |       |     1 |     1 |       ||     2
       Confused          |       |       |       |       |     3 ||     3
  Eat: Ration            |       |       |       |     1 |       ||     1
Armor: Scale mail        |    24 |     3 |       |       |       ||    27
       Ring mail         |       |     2 |    25 |     8 |       ||    35
       Plate armour      |       |       |       |    29 |    25 ||    54
Dodge: Dodged            |     7 |     3 |    28 |    58 |    30 ||   126
       Deflected         |       |       |       |       |     8 ||     8
Block: Shield            |    22 |     6 |    43 |    79 |       ||   150
       Large shield      |       |       |       |    67 |   116 ||   183
